Carnivores vs Wiprows
(R1)
Created - 27 septembre 2014 at 19:31
Goals
|
| Carnivores |
4 |
0 |
0 |
4 |
| Wiprows |
2 |
1 |
2 |
5 |
|
Shots
|
| Carnivores |
17 |
5 |
3 |
25 |
| Wiprows |
16 |
7 |
12 |
35 |
|
1st period
1. Carnivores , Colton Orr 3 (Phil Oreskovic) at 2:33
2. Wiprows , Jiri Tlusty 1 (Jesse Winchester, Kevin Connauton) at 5:07
3. Wiprows , Gord Baldwin 1 (Linden Vey, Drayson Bowman) at 6:30
4. Carnivores , Matt Cullen 3 (Colton Orr, Billy Sweat) at 17:58 (PP)
5. Carnivores , Colton Orr 4 (Anton Gustafsson) at 19:18
6. Carnivores , Chris Lawrence 1 (Andrew Ference) at 19:36
Penalties :
Jonathan Tremblay (Win) for Fighting (Major) at 12:46, Lane MacDermid (Bre) for Fighting (Major) at 12:46, Dana Tyrell (Win) for Hooking (Minor) at 16:44
2nd period
7. Wiprows , Nazem Kadri 1 (Jesse Winchester) at 0:13 (PP)
Penalties :
Billy Sweat (Bre) for Unsportsmanlike conduct (Major / Game Misconduct) at 0:07, Lane MacDermid (Bre) for Hooking (Minor) at 13:45, Jeremy Welsh (Bre) for Unsportsmanlike conduct (Major / Game Misconduct) at 19:58, Nick Bonino (Win) for Tripping (Minor) at 0:00
3rd period
8. Wiprows , Jordan Szwarz 1 (Nick Bonino, Kevin Connauton) at 2:50 (PP)
9. Wiprows , Drayson Bowman 2 (Nick Bonino, Thomas Hickey) at 19:33 (PP)
Penalties :
Thomas Hickey (Win) for Hooking (Minor) at 3:14, Phil Oreskovic (Bre) for Unsportsmanlike conduct (Major / Game Misconduct) at 9:46, Kevin Connauton (Win) for Hooking (Minor) at 16:59, Oliver Ekman-Larsson (Bre) for Holding (Minor) at 19:25
Goalie Stats
Corey Crawford (Bre), 30 saves from 35 shots - (0,857), L, 2-1-0, 60:00 minutes
Al Montoya (Win), 21 saves from 25 shots - (0,840), W, 1-1-0, 60:00 minutes
Players Stats for Carnivores
Player Name G A P +/- PIM S H SB GA TA FO MP PP MP PK MP
------------------------------------------------------------------------------------
Adam Almquist 0 0 0 0 0 0 0 0 0 0 0/0 0:00 0:00 0:00
Andrew Ference 0 1 1 0 0 2 0 1 0 2 0/0 24:32 2:06 6:53
Anton Gustafsson 0 1 1 1 0 1 0 0 0 0 1/3 12:55 1:07 0:00
Anton Lander 0 0 0 -1 0 1 0 0 0 0 4/10 12:49 0:07 5:11
Billy Sweat 0 1 1 1 15 0 0 0 0 0 0/1 5:41 0:51 0:00
Bobby Sanguinetti 0 0 0 2 0 2 0 1 0 1 0/0 21:36 1:49 5:57
Brian Strait 0 0 0 0 0 0 0 0 0 0 0/0 0:00 0:00 0:00
Chris Butler 0 0 0 0 0 0 0 3 0 0 0/0 11:43 0:00 2:25
Chris Lawrence 1 0 1 0 0 4 1 1 3 0 1/2 17:00 1:23 0:02
Christopher DiDomenico 0 0 0 -1 0 0 1 0 0 1 0/0 12:01 0:45 3:42
Colton Orr 2 1 3 1 0 9 2 1 0 0 0/0 23:06 1:47 5:19
David Schlemko 0 0 0 -1 0 0 0 0 0 0 0/0 8:08 0:00 1:23
Evgeny Grachev 0 0 0 0 0 1 1 0 0 0 5/20 19:59 1:29 5:56
Jeremy Welsh 0 0 0 0 15 0 0 0 0 0 0/0 10:12 0:23 0:21
Jordie Benn 0 0 0 -1 0 0 0 1 0 0 0/0 5:37 0:00 0:00
Lane MacDermid 0 0 0 1 7 1 2 0 0 0 0/0 15:50 0:42 4:08
Matt Cullen 1 0 1 1 0 2 0 1 0 0 10/16 17:21 1:34 1:58
Oliver Ekman-Larsson 0 0 0 0 2 0 1 0 0 1 0/0 22:58 1:40 6:29
Patrick McNeill 0 0 0 0 0 0 0 1 0 1 0/0 9:55 0:42 0:00
Phil Oreskovic 0 1 1 2 15 1 1 1 1 0 0/0 17:07 0:41 3:35
Tim Conboy 0 0 0 0 0 1 2 0 0 0 0/0 13:19 0:19 0:00
Zack Smith 0 0 0 0 0 0 0 0 0 0 0/0 1:01 0:00 0:05
Players Stats for Wiprows
Player Name G A P +/- PIM S H SB GA TA FO MP PP MP PK MP
------------------------------------------------------------------------------------
Arturs Kulda 0 0 0 0 0 2 0 0 0 0 0/0 16:19 0:00 1:42
Brandon Bollig 0 0 0 -1 0 1 1 0 0 1 0/1 12:42 1:37 1:30
Dana Tyrell 0 0 0 0 2 1 2 0 0 0 2/4 10:34 1:35 0:47
Drayson Bowman 1 1 2 0 0 2 5 0 1 0 0/0 16:51 5:40 1:12
Gord Baldwin 1 0 1 1 0 1 0 0 0 0 0/0 15:05 0:07 1:47
Jesse Winchester 0 2 2 0 0 4 2 0 0 1 1/2 19:38 5:59 0:00
Jiri Tlusty 1 0 1 0 0 2 1 0 2 0 2/4 19:12 5:57 0:12
Jonathan Tremblay 0 0 0 0 5 1 0 2 0 0 1/1 8:25 0:08 1:00
Jordan Szwarz 1 0 1 0 0 1 1 0 0 0 0/0 9:42 1:31 0:00
Joshua Bailey 0 0 0 -1 0 2 0 0 1 0 4/9 11:26 0:00 1:33
Kevin Connauton 0 2 2 -2 2 0 1 0 0 0 0/0 20:19 6:10 0:16
Linden Vey 0 1 1 0 0 2 1 1 0 0 2/2 16:43 5:43 0:00
Matt Frattin 0 0 0 -1 0 3 1 0 0 0 0/0 9:48 0:00 0:00
Matt Irwin 0 0 0 0 0 2 0 1 0 1 0/0 24:04 5:58 1:31
Matt Taormina 0 0 0 -2 0 1 0 0 0 0 0/0 23:21 7:11 1:42
Nazem Kadri 1 0 1 0 0 5 3 0 1 1 7/13 21:11 6:05 0:57
Nick Bonino 0 2 2 0 2 4 3 0 0 0 12/16 16:51 5:41 0:00
Pavel Brendl 0 0 0 0 0 0 0 0 0 0 0/0 0:09 0:00 0:00
Thomas Hickey 0 1 1 1 2 1 2 0 1 0 0/0 20:37 7:22 0:00
3 Stars
1 - Colton Orr (Bre)
2 - Drayson Bowman (Win)
3 - Nazem Kadri (Win)
Power Play
Carnivores - 1 on 4 Attempt(s) - 25,00%
Wiprows - 3 on 5 Attempt(s) - 60,00%
Penalty Kill
Carnivores - 2 on 5 Attempt(s) - 40,00%
- Score 0 goal in Penalty Kill
Wiprows - 3 on 4 Attempt(s) - 75,00%
- Score 0 goal in Penalty Kill
Official
Referees : O'Rourke Dan and Lee Chris
Linesman : Bryan Pancich and Derek Amell
Game Notes
Lane MacDermid beats up Jonathan Tremblay at 12:46 of 1st period
Billy Sweat ejected from game at 0:07 of 2nd period
Jeremy Welsh ejected from game at 19:58 of 2nd period
Phil Oreskovic ejected from game at 9:46 of 3rd period
Finance
Level 1 -- Attendance: 1360 (68,00%) -- Ticket Income 50 320 $
Level 2 -- Attendance: 717 (71,70%) -- Ticket Income 14 340 $
Total Attendance: 2077 (69,23%)
Total Ticket Income: 64 660 $
Other Income: 3 233 $
Total Income: 67 893 $
Carnivores
5 vs 5 Forward
Center Left Wing Right Wing Time % Phy DF OF
1 Evgeny Grachev Jeremy Welsh Tim Conboy 35 1 2 2
2 Matt Cullen Billy Sweat Chris Lawrence 28 1 2 2
3 Anton Gustafsson Lane MacDermid Colton Orr 20 1 2 2
4 Anton Lander Christopher DiDomenico Chris Lawrence 17 1 2 2
5 vs 5 Defense
Defense Defense Time % Phy DF OF
1 Andrew Ference Oliver Ekman-Larsson 40 1 2 2
2 Phil Oreskovic Bobby Sanguinetti 30 1 2 2
3 Patrick McNeill Chris Butler 20 1 2 2
4 David Schlemko Jordie Benn 10 1 2 2
PowerPlay Forward
Center Left Wing Right Wing Time % Phy DF OF
1 Evgeny Grachev Jeremy Welsh Chris Lawrence 60 1 2 2
2 Matt Cullen Billy Sweat Colton Orr 40 1 2 2
PowerPlay Defense
Defense Defense Time % Phy DF OF
1 Andrew Ference Oliver Ekman-Larsson 60 1 2 2
2 Phil Oreskovic Bobby Sanguinetti 40 1 2 2
Penalty Kill 4 Players Forward
Center Wing Time % Phy DF OF
1 Evgeny Grachev Colton Orr 60 1 2 2
2 Anton Lander Evgeny Grachev 40 1 2 2
Penalty Kill 4 Players Defense
Defense Defense Time % Phy DF OF
1 Andrew Ference Oliver Ekman-Larsson 60 1 2 2
2 Phil Oreskovic Bobby Sanguinetti 40 1 2 2
Penalty Kill - 3 Players Forward
Forward Time % Phy DF OF
1 Matt Cullen 60 1 2 2
2 Colton Orr 40 1 2 2
Penalty Kill - 3 Players Defense
Defense Defense Time % Phy DF OF
1 Andrew Ference Oliver Ekman-Larsson 60 1 2 2
2 Phil Oreskovic Bobby Sanguinetti 40 1 2 2
4 vs 4 Forward
Center Wing Time % Phy DF OF
1 Matt Cullen Colton Orr 60 1 2 2
2 Chris Lawrence Evgeny Grachev 40 1 2 2
4 vs 4 Defense
Defense Defense Time % Phy DF OF
1 Andrew Ference Oliver Ekman-Larsson 60 1 2 2
2 Phil Oreskovic Bobby Sanguinetti 40 1 2 2
Last Minutes Offensive
Center Left Wing Right Wing Defense Defense
Evgeny Grachev Jeremy Welsh Tim Conboy Andrew Ference Oliver Ekman-Larsson
Last Minutes Defensive
Center Left Wing Right Wing Defense Defense
Matt Cullen Jeremy Welsh Colton Orr Andrew Ference Oliver Ekman-Larsson
Goaltenders
Starting : Corey Crawford
Backup : Antti Raanta
Extra Forwards
Normal : Colton Orr, Anton Gustafsson, Lane MacDermid - PP : Matt Cullen, Anton Gustafsson - PK : Lane MacDermid
Extra Defensemen
Normal : Patrick McNeill, Chris Butler, David Schlemko - PP : Patrick McNeill - PK : Chris Butler, David Schlemko
Penalty Shots
Matt Cullen, Colton Orr, Chris Lawrence, Evgeny Grachev, Jeremy Welsh
Wiprows
5 vs 5 Forward
Center Left Wing Right Wing Time % Phy DF OF
1 Nazem Kadri Jiri Tlusty Jesse Winchester 34 1 0 4
2 Nick Bonino Drayson Bowman Linden Vey 32 1 1 3
3 Joshua Bailey Brandon Bollig Matt Frattin 24 1 1 3
4 Dana Tyrell Jonathan Tremblay Jordan Szwarz 10 3 1 1
5 vs 5 Defense
Defense Defense Time % Phy DF OF
1 Matt Taormina Kevin Connauton 37 1 1 3
2 Matt Irwin Arturs Kulda 35 1 2 2
3 Thomas Hickey Gord Baldwin 26 2 2 1
4 Matt Irwin Matt Taormina 2 1 1 3
PowerPlay Forward
Center Left Wing Right Wing Time % Phy DF OF
1 Nazem Kadri Jiri Tlusty Jesse Winchester 55 1 0 4
2 Nick Bonino Drayson Bowman Linden Vey 45 1 0 4
PowerPlay Defense
Defense Defense Time % Phy DF OF
1 Matt Taormina Thomas Hickey 55 0 1 4
2 Kevin Connauton Matt Irwin 45 0 1 4
Penalty Kill 4 Players Forward
Center Wing Time % Phy DF OF
1 Joshua Bailey Brandon Bollig 53 1 3 1
2 Dana Tyrell Jonathan Tremblay 47 1 3 1
Penalty Kill 4 Players Defense
Defense Defense Time % Phy DF OF
1 Arturs Kulda Matt Taormina 53 1 4 0
2 Gord Baldwin Matt Irwin 47 1 4 0
Penalty Kill - 3 Players Forward
Forward Time % Phy DF OF
1 Nazem Kadri 55 0 5 0
2 Nick Bonino 45 0 5 0
Penalty Kill - 3 Players Defense
Defense Defense Time % Phy DF OF
1 Matt Taormina Arturs Kulda 60 1 4 0
2 Gord Baldwin Matt Irwin 40 1 4 0
4 vs 4 Forward
Center Wing Time % Phy DF OF
1 Nazem Kadri Jesse Winchester 54 1 2 2
2 Nick Bonino Linden Vey 46 1 2 2
4 vs 4 Defense
Defense Defense Time % Phy DF OF
1 Matt Taormina Matt Irwin 60 1 2 2
2 Kevin Connauton Thomas Hickey 40 1 2 2
Last Minutes Offensive
Center Left Wing Right Wing Defense Defense
Nazem Kadri Jiri Tlusty Jesse Winchester Matt Irwin Matt Taormina
Last Minutes Defensive
Center Left Wing Right Wing Defense Defense
Dana Tyrell Arturs Kulda Jonathan Tremblay Matt Irwin Thomas Hickey
Goaltenders
Starting : Al Montoya
Backup : Thomas McCollum
Extra Forwards
Normal : Nazem Kadri, Nick Bonino, Jiri Tlusty - PP : Nazem Kadri, Jiri Tlusty - PK : Jonathan Tremblay
Extra Defensemen
Normal : Matt Taormina, Matt Irwin, Arturs Kulda - PP : Kevin Connauton - PK : Arturs Kulda, Thomas Hickey
Penalty Shots
Nazem Kadri, Jiri Tlusty, Jesse Winchester, Drayson Bowman, Linden Vey
% Time on Ice - Carnivores
Lines # - Real PCT - Wanted PCT - Time Play
Normal Forward
1 - 35% - 35% - 13:41
2 - 38% - 28% - 14:43
3 - 18% - 20% - 6:53
4 - 10% - 17% - 3:44
Normal Defense
1 - 33% - 40% - 12:41
2 - 31% - 30% - 11:57
3 - 22% - 20% - 8:46
4 - 14% - 10% - 5:37
PP Forward
1 - 48% - 60% - 1:40
2 - 52% - 40% - 1:49
PP Defense
1 - 48% - 60% - 1:40
2 - 52% - 40% - 1:49
PK Forward
1 - 86% - 60% - 11:26
2 - 14% - 40% - 1:55
PK Defense
1 - 53% - 60% - 7:01
2 - 47% - 40% - 6:20
PK3 Forward
1 - 0% - 60%
2 - 0% - 40%
PK3 Defense
1 - 0% - 60%
2 - 0% - 40%
44 Forward
1 - 77% - 60% - 2:51
2 - 23% - 40% - 0:52
44 Defense
1 - 47% - 60% - 1:44
2 - 53% - 40% - 1:59
Last Minute Offensive - 0:26
Last Minute Defensive - 0:00
Total
Forward - 60:00
Defense - 60:00
|
% Time on Ice - Wiprows
Lines # - Real PCT - Wanted PCT - Time Play
Normal Forward
1 - 30% - 34% - 11:52
2 - 25% - 32% - 9:34
3 - 25% - 24% - 9:48
4 - 20% - 10% - 7:47
Normal Defense
1 - 35% - 37% - 13:39
2 - 34% - 35% - 13:18
3 - 31% - 26% - 11:56
4 - 0% - 2% - 0:08
PP Forward
1 - 51% - 55% - 6:52
2 - 49% - 45% - 6:29
PP Defense
1 - 54% - 55% - 7:11
2 - 46% - 45% - 6:10
PK Forward
1 - 56% - 53% - 1:58
2 - 44% - 47% - 1:31
PK Defense
1 - 49% - 53% - 1:42
2 - 51% - 47% - 1:47
PK3 Forward
1 - 0% - 55%
2 - 0% - 45%
PK3 Defense
1 - 0% - 60%
2 - 0% - 40%
44 Forward
1 - 57% - 54% - 2:06
2 - 43% - 46% - 1:37
44 Defense
1 - 60% - 60% - 2:13
2 - 40% - 40% - 1:30
Last Minute Offensive - 0:00
Last Minute Defensive - 0:26
Total
Forward - 60:00
Defense - 60:00
|
Play by Play
1st period
0:01 of 1st period - Nazem Kadri wins face-off versus Evgeny Grachev in neutral zone.
0:40 of 1st period - Off-side.
0:41 of 1st period - Nick Bonino wins face-off versus Matt Cullen in neutral zone.
1:47 of 1st period - Chris Lawrence is hit by Drayson Bowman.
2:05 of 1st period - Slapshot by Drayson Bowman.
2:05 of 1st period - Shot Misses the Net.
2:27 of 1st period - Slapshot by Matt Frattin.
2:27 of 1st period - Shot Misses the Net.
2:33 of 1st period - Wrist shot by Colton Orr.
2:33 of 1st period - Goal by Colton Orr - Carnivores : 1 - Wiprows : 0.
2:34 of 1st period - Matt Cullen wins face-off versus Nick Bonino in neutral zone.
2:47 of 1st period - Andrew Ference is hit by Nick Bonino and loses puck.
3:20 of 1st period - Slapshot by Andrew Ference.
3:20 of 1st period - Stopped by Al Montoya with a rebound.
3:38 of 1st period - Oliver Ekman-Larsson is hit by Nazem Kadri and loses puck.
3:43 of 1st period - Snap shot by Jesse Winchester.
3:43 of 1st period - Shot Misses the Net.
3:45 of 1st period - Slapshot by Kevin Connauton.
3:45 of 1st period - Shot Misses the Net.
4:41 of 1st period - Wrist shot by Jesse Winchester.
4:41 of 1st period - Stopped by Corey Crawford with a rebound.
5:07 of 1st period - Snap shot by Jiri Tlusty.
5:07 of 1st period - Goal by Jiri Tlusty - Carnivores : 1 - Wiprows : 1.
5:08 of 1st period - Nick Bonino wins face-off versus Anton Lander in neutral zone.
5:21 of 1st period - Slapshot by Nick Bonino.
5:21 of 1st period - Stopped by Corey Crawford with a rebound.
5:23 of 1st period - Slapshot by Arturs Kulda.
5:23 of 1st period - Stopped by Corey Crawford without a rebound.
5:24 of 1st period - Joshua Bailey wins face-off versus Evgeny Grachev in Carnivores zone.
5:29 of 1st period - Snap shot by Brandon Bollig.
5:29 of 1st period - Deflect By Joshua Bailey.
5:29 of 1st period - Stopped by Corey Crawford without a rebound.
5:30 of 1st period - Joshua Bailey wins face-off versus Evgeny Grachev in Carnivores zone.
6:02 of 1st period - Icing by Gord Baldwin.
6:03 of 1st period - Nick Bonino wins face-off versus Anton Lander in Wiprows zone.
6:24 of 1st period - Snap shot by Drayson Bowman.
6:24 of 1st period - Shot Misses the Net.
6:26 of 1st period - Slapshot by Gord Baldwin.
6:26 of 1st period - Shot Blocked by Jordie Benn.
6:28 of 1st period - Backhand shot by Linden Vey.
6:28 of 1st period - Stopped by Corey Crawford with a rebound.
6:30 of 1st period - Slapshot by Gord Baldwin.
6:30 of 1st period - Goal by Gord Baldwin - Carnivores : 1 - Wiprows : 2.
6:31 of 1st period - Jonathan Tremblay wins face-off versus Matt Cullen in neutral zone.
7:57 of 1st period - Slapshot by Matt Taormina.
7:57 of 1st period - Stopped by Corey Crawford with a rebound.
8:15 of 1st period - Jeremy Welsh is hit by Kevin Connauton and loses puck.
8:30 of 1st period - Slapshot by Matt Frattin.
8:30 of 1st period - Stopped by Corey Crawford without a rebound.
8:31 of 1st period - Linden Vey wins face-off versus Anton Gustafsson in Carnivores zone.
8:36 of 1st period - Slapshot by Nick Bonino.
8:36 of 1st period - Stopped by Corey Crawford with a rebound.
8:38 of 1st period - Snap shot by Drayson Bowman.
8:38 of 1st period - Shot Misses the Net.
8:40 of 1st period - Wrist shot by Linden Vey.
8:40 of 1st period - Stopped by Corey Crawford with a rebound.
9:33 of 1st period - Backhand shot by Colton Orr.
9:33 of 1st period - Stopped by Al Montoya with a rebound.
9:35 of 1st period - Snap shot by Colton Orr.
9:35 of 1st period - Stopped by Al Montoya with a rebound.
9:37 of 1st period - Slapshot by Bobby Sanguinetti.
9:37 of 1st period - Shot Misses the Net.
9:41 of 1st period - Snap shot by Colton Orr.
9:41 of 1st period - Stopped by Al Montoya with a rebound.
9:43 of 1st period - Wrist shot by Lane MacDermid.
9:43 of 1st period - Stopped by Al Montoya with a rebound.
9:45 of 1st period - Wrist shot by Lane MacDermid.
9:45 of 1st period - Deflect By Colton Orr.
9:45 of 1st period - Stopped by Al Montoya with a rebound.
10:03 of 1st period - Wrist shot by Anton Gustafsson.
10:03 of 1st period - Stopped by Al Montoya without a rebound.
10:04 of 1st period - Nick Bonino wins face-off versus Evgeny Grachev in Wiprows zone.
10:04 of 1st period - Nick Bonino is hit by Tim Conboy.
10:10 of 1st period - Wrist shot by Tim Conboy.
10:10 of 1st period - Stopped by Al Montoya without a rebound.
10:11 of 1st period - Nick Bonino wins face-off versus Evgeny Grachev in Wiprows zone.
10:39 of 1st period - Slapshot by Andrew Ference.
10:39 of 1st period - Stopped by Al Montoya without a rebound.
10:40 of 1st period - Joshua Bailey wins face-off versus Matt Cullen in Wiprows zone.
10:45 of 1st period - Wrist shot by Matt Frattin.
10:45 of 1st period - Stopped by Corey Crawford with a rebound.
11:15 of 1st period - Wrist shot by Jesse Winchester.
11:15 of 1st period - Shot Misses the Net.
11:17 of 1st period - Snap shot by Jesse Winchester.
11:17 of 1st period - Stopped by Corey Crawford without a rebound.
11:18 of 1st period - Matt Cullen wins face-off versus Nick Bonino in Carnivores zone.
11:27 of 1st period - Snap shot by Drayson Bowman.
11:27 of 1st period - Stopped by Corey Crawford with a rebound.
11:50 of 1st period - Wrist shot by Jiri Tlusty.
11:50 of 1st period - Shot Misses the Net.
12:04 of 1st period - Snap shot by Jesse Winchester.
12:04 of 1st period - Shot Misses the Net.
12:31 of 1st period - Slapshot by Anton Gustafsson.
12:31 of 1st period - Shot Blocked by Jonathan Tremblay.
12:33 of 1st period - Slapshot by Bobby Sanguinetti.
12:33 of 1st period - Stopped by Al Montoya without a rebound.
12:34 of 1st period - Anton Gustafsson wins face-off versus Dana Tyrell in Wiprows zone.
12:46 of 1st period - Lane MacDermid beats up Jonathan Tremblay.
12:46 of 1st period - Penalty to Jonathan Tremblay for Fighting.
12:46 of 1st period - Penalty to Lane MacDermid for Fighting.
12:47 of 1st period - Matt Cullen wins face-off versus Nick Bonino in Wiprows zone.
13:00 of 1st period - Backhand shot by Nick Bonino.
13:00 of 1st period - Shot Misses the Net.
14:28 of 1st period - Wrist shot by Matt Frattin.
14:28 of 1st period - Shot Misses the Net.
15:11 of 1st period - Wrist shot by Matt Frattin.
15:11 of 1st period - Deflect By Brandon Bollig.
15:11 of 1st period - Shot Misses the Net.
15:11 of 1st period - Puck is out of play.
15:12 of 1st period - Anton Lander wins face-off versus Joshua Bailey in Carnivores zone.
15:46 of 1st period - Snap shot by Brandon Bollig.
15:46 of 1st period - Stopped by Corey Crawford without a rebound.
15:47 of 1st period - Nazem Kadri wins face-off versus Matt Cullen in Carnivores zone.
15:54 of 1st period - Snap shot by Jesse Winchester.
15:54 of 1st period - Shot Misses the Net.
16:02 of 1st period - Snap shot by Chris Lawrence.
16:02 of 1st period - Stopped by Al Montoya with a rebound.
16:22 of 1st period - Icing by Nick Bonino.
16:23 of 1st period - Anton Lander wins face-off versus Dana Tyrell in Wiprows zone.
16:32 of 1st period - Slapshot by Matt Taormina.
16:32 of 1st period - Shot Blocked by Chris Lawrence.
16:44 of 1st period - Minor Penalty to Dana Tyrell for Hooking.
16:45 of 1st period - Evgeny Grachev wins face-off versus Joshua Bailey in Wiprows zone.
16:50 of 1st period - Wrist shot by Chris Lawrence.
16:50 of 1st period - Shot Misses the Net.
17:16 of 1st period - Snap shot by Colton Orr.
17:16 of 1st period - Shot Misses the Net.
17:18 of 1st period - Backhand shot by Colton Orr.
17:18 of 1st period - Stopped by Al Montoya without a rebound.
17:19 of 1st period - Matt Cullen wins face-off versus Joshua Bailey in Wiprows zone.
17:45 of 1st period - Colton Orr is hit by Drayson Bowman and loses puck.
17:46 of 1st period - Penalty to Jonathan Tremblay is over, Jonathan Tremblay is back on ice.
17:58 of 1st period - Slapshot by Matt Cullen.
17:58 of 1st period - Goal by Matt Cullen - Carnivores : 2 - Wiprows : 2.
17:59 of 1st period - Evgeny Grachev wins face-off versus Nick Bonino in neutral zone.
18:36 of 1st period - Wrist shot by Evgeny Grachev.
18:36 of 1st period - Shot Misses the Net.
18:38 of 1st period - Slapshot by Andrew Ference.
18:38 of 1st period - Deflect By Evgeny Grachev.
18:38 of 1st period - Stopped by Al Montoya without a rebound.
18:39 of 1st period - Matt Cullen wins face-off versus Jiri Tlusty in Wiprows zone.
18:50 of 1st period - Snap shot by Jesse Winchester.
18:50 of 1st period - Stopped by Corey Crawford with a rebound.
19:18 of 1st period - Slapshot by Colton Orr.
19:18 of 1st period - Goal by Colton Orr - Carnivores : 3 - Wiprows : 2.
19:19 of 1st period - Matt Cullen wins face-off versus Nazem Kadri in neutral zone.
19:23 of 1st period - Off-side.
19:24 of 1st period - Matt Cullen wins face-off versus Nazem Kadri in neutral zone.
19:36 of 1st period - Snap shot by Chris Lawrence.
19:36 of 1st period - Goal by Chris Lawrence - Carnivores : 4 - Wiprows : 2.
19:37 of 1st period - Nick Bonino wins face-off versus Evgeny Grachev in neutral zone.
Goals for this period are 4 for Carnivores vs 2 for Wiprows.
Shots for this period are 17 for Carnivores vs 16 for Wiprows.
2nd period
0:01 of 2nd period - Jiri Tlusty wins face-off versus Billy Sweat in neutral zone.
0:07 of 2nd period - Major / Game Misconduct Penalty to Billy Sweat for Unsportsmanlike conduct.
0:07 of 2nd period - Billy Sweat is ejected from game.
0:08 of 2nd period - Nazem Kadri wins face-off versus Evgeny Grachev in Carnivores zone.
0:13 of 2nd period - Snap shot by Nazem Kadri.
0:13 of 2nd period - Goal by Nazem Kadri - Carnivores : 4 - Wiprows : 3.
0:14 of 2nd period - Nazem Kadri wins face-off versus Evgeny Grachev in neutral zone.
0:17 of 2nd period - Snap shot by Jesse Winchester.
0:17 of 2nd period - Shot Misses the Net.
1:02 of 2nd period - Matt Irwin is hit by Lane MacDermid and loses puck.
1:21 of 2nd period - Wrist shot by Andrew Ference.
1:21 of 2nd period - Deflect By Lane MacDermid.
1:21 of 2nd period - Shot Blocked by Linden Vey.
1:21 of 2nd period - Puck is out of play.
1:22 of 2nd period - Nick Bonino wins face-off versus Anton Lander in Wiprows zone.
5:07 of 2nd period - Penalty to Billy Sweat is over, Chris Lawrence is send on ice.
5:13 of 2nd period - Lane MacDermid is hit by Drayson Bowman and loses puck.
5:43 of 2nd period - Snap shot by Tim Conboy.
5:43 of 2nd period - Shot Blocked by Jonathan Tremblay.
5:49 of 2nd period - Patrick McNeill is hit by Jordan Szwarz and loses puck.
7:58 of 2nd period - Oliver Ekman-Larsson is hit by Dana Tyrell and loses puck.
8:15 of 2nd period - Andrew Ference is hit by Nazem Kadri and loses puck.
8:28 of 2nd period - Linden Vey is hit by Phil Oreskovic.
9:14 of 2nd period - Kevin Connauton is hit by Colton Orr and loses puck.
9:49 of 2nd period - Anton Gustafsson is hit by Thomas Hickey.
10:13 of 2nd period - Gord Baldwin is hit by Tim Conboy and loses puck.
12:55 of 2nd period - Anton Lander is hit by Thomas Hickey and loses puck.
13:45 of 2nd period - Minor Penalty to Lane MacDermid for Hooking.
13:46 of 2nd period - Anton Lander wins face-off versus Nazem Kadri in Carnivores zone.
13:46 of 2nd period - Anton Lander is hit by Jesse Winchester.
15:27 of 2nd period - Slapshot by Matt Cullen.
15:27 of 2nd period - Stopped by Al Montoya without a rebound.
15:28 of 2nd period - Nick Bonino wins face-off versus Matt Cullen in Wiprows zone.
15:45 of 2nd period - Penalty to Lane MacDermid is over, Lane MacDermid is back on ice.
15:54 of 2nd period - Chris Lawrence is hit by Brandon Bollig and loses puck.
15:59 of 2nd period - Wrist shot by Matt Frattin.
15:59 of 2nd period - Stopped by Corey Crawford without a rebound.
16:00 of 2nd period - Chris Lawrence wins face-off versus Joshua Bailey in Carnivores zone.
16:05 of 2nd period - Slapshot by Andrew Ference.
16:05 of 2nd period - Shot Misses the Net.
16:07 of 2nd period - Wrist shot by Anton Lander.
16:07 of 2nd period - Stopped by Al Montoya without a rebound.
16:08 of 2nd period - Anton Lander wins face-off versus Nazem Kadri in Wiprows zone.
16:09 of 2nd period - Slapshot by Chris Lawrence.
16:09 of 2nd period - Stopped by Al Montoya with a rebound.
16:13 of 2nd period - Snap shot by Chris Lawrence.
16:13 of 2nd period - Stopped by Al Montoya without a rebound.
16:14 of 2nd period - Evgeny Grachev wins face-off versus Nazem Kadri in Wiprows zone.
17:58 of 2nd period - Thomas Hickey is hit by Colton Orr and loses puck.
18:19 of 2nd period - Slapshot by Chris Lawrence.
18:19 of 2nd period - Shot Misses the Net.
18:29 of 2nd period - Slapshot by Colton Orr.
18:29 of 2nd period - Stopped by Al Montoya with a rebound.
18:45 of 2nd period - Slapshot by Nazem Kadri.
18:45 of 2nd period - Stopped by Corey Crawford with a rebound.
18:47 of 2nd period - Wrist shot by Nazem Kadri.
18:47 of 2nd period - Stopped by Corey Crawford with a rebound.
18:49 of 2nd period - Slapshot by Thomas Hickey.
18:49 of 2nd period - Stopped by Corey Crawford with a rebound.
19:23 of 2nd period - Snap shot by Nazem Kadri.
19:23 of 2nd period - Stopped by Corey Crawford without a rebound.
19:24 of 2nd period - Nick Bonino wins face-off versus Evgeny Grachev in Carnivores zone.
19:39 of 2nd period - Slapshot by Matt Irwin.
19:39 of 2nd period - Stopped by Corey Crawford without a rebound.
19:40 of 2nd period - Evgeny Grachev wins face-off versus Joshua Bailey in Carnivores zone.
19:40 of 2nd period - Oliver Ekman-Larsson is hit by Matt Frattin and loses puck.
19:54 of 2nd period - Matt Irwin is hit by Oliver Ekman-Larsson and loses puck.
19:58 of 2nd period - Major / Game Misconduct Penalty to Jeremy Welsh for Unsportsmanlike conduct.
19:58 of 2nd period - Jeremy Welsh is ejected from game.
19:59 of 2nd period - Nick Bonino wins face-off versus Anton Lander in Carnivores zone.
0:00 of 3rd period - Minor Penalty to Nick Bonino for Tripping.
Goals for this period are 0 for Carnivores vs 1 for Wiprows.
Shots for this period are 5 for Carnivores vs 7 for Wiprows.
3rd period
0:01 of 3rd period - Matt Cullen wins face-off versus Nazem Kadri in neutral zone.
0:28 of 3rd period - Backhand shot by Matt Irwin.
0:28 of 3rd period - Stopped by Corey Crawford without a rebound.
0:29 of 3rd period - Matt Cullen wins face-off versus Jiri Tlusty in Carnivores zone.
0:29 of 3rd period - Matt Cullen is hit by Jiri Tlusty.
0:41 of 3rd period - Matt Cullen is hit by Nazem Kadri and loses puck.
0:54 of 3rd period - Snap shot by Jesse Winchester.
0:54 of 3rd period - Shot Blocked by Bobby Sanguinetti.
1:22 of 3rd period - Slapshot by Colton Orr.
1:22 of 3rd period - Stopped by Al Montoya with a rebound.
1:32 of 3rd period - Snap shot by Matt Cullen.
1:32 of 3rd period - Shot Blocked by Matt Irwin.
1:34 of 3rd period - Slapshot by Bobby Sanguinetti.
1:34 of 3rd period - Stopped by Al Montoya with a rebound.
1:36 of 3rd period - Slapshot by Bobby Sanguinetti.
1:36 of 3rd period - Shot Misses the Net.
1:38 of 3rd period - Wrist shot by Phil Oreskovic.
1:38 of 3rd period - Stopped by Al Montoya without a rebound.
1:39 of 3rd period - Jiri Tlusty wins face-off versus Chris Lawrence in Wiprows zone.
1:39 of 3rd period - Jiri Tlusty is hit by Evgeny Grachev.
2:00 of 3rd period - Penalty to Nick Bonino is over, Nick Bonino is back on ice.
2:08 of 3rd period - Wrist shot by Nick Bonino.
2:08 of 3rd period - Shot Misses the Net.
2:48 of 3rd period - Snap shot by Nick Bonino.
2:48 of 3rd period - Stopped by Corey Crawford with a rebound.
2:50 of 3rd period - Slapshot by Nick Bonino.
2:50 of 3rd period - Deflect By Jordan Szwarz.
2:50 of 3rd period - Goal by Jordan Szwarz - Carnivores : 4 - Wiprows : 4.
2:51 of 3rd period - Nazem Kadri wins face-off versus Evgeny Grachev in neutral zone.
3:02 of 3rd period - Wrist shot by Jesse Winchester.
3:02 of 3rd period - Stopped by Corey Crawford with a rebound.
3:04 of 3rd period - Snap shot by Nazem Kadri.
3:04 of 3rd period - Shot Blocked by Colton Orr.
3:06 of 3rd period - Snap shot by Jiri Tlusty.
3:06 of 3rd period - Deflect By Nazem Kadri.
3:06 of 3rd period - Deflect By Bobby Sanguinetti.
3:06 of 3rd period - Shot Misses the Net.
3:06 of 3rd period - Puck is out of play.
3:07 of 3rd period - Nick Bonino wins face-off versus Evgeny Grachev in Carnivores zone.
3:14 of 3rd period - Minor Penalty to Thomas Hickey for Hooking.
3:15 of 3rd period - Nazem Kadri wins face-off versus Matt Cullen in Wiprows zone.
4:50 of 3rd period - Jiri Tlusty is hit by Chris Lawrence and loses puck.
4:58 of 3rd period - Penalty to Jeremy Welsh is over, Anton Gustafsson is send on ice.
5:14 of 3rd period - Penalty to Thomas Hickey is over, Thomas Hickey is back on ice.
5:59 of 3rd period - Evgeny Grachev is hit by Linden Vey and loses puck.
7:45 of 3rd period - Slapshot by Kevin Connauton.
7:45 of 3rd period - Shot Blocked by Phil Oreskovic.
9:09 of 3rd period - Patrick McNeill is hit by Drayson Bowman and loses puck.
9:28 of 3rd period - Andrew Ference is hit by Dana Tyrell and loses puck.
9:46 of 3rd period - Major / Game Misconduct Penalty to Phil Oreskovic for Unsportsmanlike conduct.
9:46 of 3rd period - Phil Oreskovic is ejected from game.
9:47 of 3rd period - Evgeny Grachev wins face-off versus Jesse Winchester in Carnivores zone.
10:20 of 3rd period - Lane MacDermid is hit by Drayson Bowman and loses puck.
10:52 of 3rd period - Off-side.
10:53 of 3rd period - Jesse Winchester wins face-off versus Anton Lander in neutral zone.
10:56 of 3rd period - Slapshot by Matt Taormina.
10:56 of 3rd period - Shot Blocked by Chris Butler.
10:58 of 3rd period - Slapshot by Matt Taormina.
10:58 of 3rd period - Deflect By Jesse Winchester.
10:58 of 3rd period - Shot Blocked by Chris Butler.
10:58 of 3rd period - Puck is out of play.
10:59 of 3rd period - Nazem Kadri wins face-off versus Anton Lander in Carnivores zone.
11:04 of 3rd period - Snap shot by Nazem Kadri.
11:04 of 3rd period - Deflect By Jiri Tlusty.
11:04 of 3rd period - Stopped by Corey Crawford with a rebound.
11:12 of 3rd period - Wrist shot by Nazem Kadri.
11:12 of 3rd period - Stopped by Corey Crawford with a rebound.
11:51 of 3rd period - Evgeny Grachev is hit by Nick Bonino and loses puck.
12:22 of 3rd period - Thomas Hickey is hit by Lane MacDermid.
12:29 of 3rd period - Icing by Linden Vey.
12:30 of 3rd period - Linden Vey wins face-off versus Evgeny Grachev in Wiprows zone.
12:35 of 3rd period - Evgeny Grachev is hit by Jesse Winchester and loses puck.
14:21 of 3rd period - Dana Tyrell is hit by Christopher DiDomenico and loses puck.
14:46 of 3rd period - Penalty to Phil Oreskovic is over, Chris Lawrence is send on ice.
14:51 of 3rd period - Icing by Christopher DiDomenico.
14:52 of 3rd period - Matt Cullen wins face-off versus Brandon Bollig in Carnivores zone.
14:57 of 3rd period - Snap shot by Matt Frattin.
14:57 of 3rd period - Shot Misses the Net.
14:59 of 3rd period - Wrist shot by Joshua Bailey.
14:59 of 3rd period - Stopped by Corey Crawford with a rebound.
15:13 of 3rd period - Patrick McNeill is hit by Nick Bonino and loses puck.
15:28 of 3rd period - Snap shot by Jonathan Tremblay.
15:28 of 3rd period - Shot Misses the Net.
15:30 of 3rd period - Backhand shot by Jordan Szwarz.
15:30 of 3rd period - Shot Blocked by Patrick McNeill.
15:32 of 3rd period - Snap shot by Dana Tyrell.
15:32 of 3rd period - Stopped by Corey Crawford with a rebound.
16:41 of 3rd period - Slapshot by Thomas Hickey.
16:41 of 3rd period - Shot Blocked by Matt Cullen.
16:43 of 3rd period - Snap shot by Jonathan Tremblay.
16:43 of 3rd period - Stopped by Corey Crawford with a rebound.
16:49 of 3rd period - Snap shot by Jonathan Tremblay.
16:49 of 3rd period - Shot Misses the Net.
16:59 of 3rd period - Minor Penalty to Kevin Connauton for Hooking.
17:00 of 3rd period - Joshua Bailey wins face-off versus Anton Gustafsson in Wiprows zone.
17:23 of 3rd period - Slapshot by Matt Taormina.
17:23 of 3rd period - Shot Misses the Net.
18:59 of 3rd period - Penalty to Kevin Connauton is over, Kevin Connauton is back on ice.
19:07 of 3rd period - Snap shot by Jiri Tlusty.
19:07 of 3rd period - Shot Misses the Net.
19:25 of 3rd period - Minor Penalty to Oliver Ekman-Larsson for Holding.
19:26 of 3rd period - Nick Bonino wins face-off versus Evgeny Grachev in Carnivores zone.
19:27 of 3rd period - Slapshot by Thomas Hickey.
19:27 of 3rd period - Shot Blocked by Chris Butler.
19:29 of 3rd period - Snap shot by Nick Bonino.
19:29 of 3rd period - Shot Misses the Net.
19:31 of 3rd period - Snap shot by Nick Bonino.
19:31 of 3rd period - Stopped by Corey Crawford with a rebound.
19:33 of 3rd period - Wrist shot by Drayson Bowman.
19:33 of 3rd period - Goal by Drayson Bowman - Carnivores : 4 - Wiprows : 5.
19:34 of 3rd period - Dana Tyrell wins face-off versus Evgeny Grachev in neutral zone.
19:39 of 3rd period - Snap shot by Arturs Kulda.
19:39 of 3rd period - Stopped by Corey Crawford without a rebound.
19:40 of 3rd period - Wayne Gretzky call a timeout for Carnivores.
19:40 of 3rd period - Dana Tyrell wins face-off versus Evgeny Grachev in Carnivores zone.
19:59 of 3rd period - Snap shot by Arturs Kulda.
19:59 of 3rd period - Shot Blocked by Andrew Ference.
Goals for this period are 0 for Carnivores vs 2 for Wiprows.
Shots for this period are 3 for Carnivores vs 12 for Wiprows.
Output by the SimonT Hockey Simulator (STHS) for François Prévost -- Original Page W3C XHTML 1.0 Valid